 Dungeon Crawl Stone Soup version 0.23-a0-143-g1adec7b (webtiles) character file.

118240 Amnesiac the Fetichist (level 16, -6/106 HPs)
             Began as a Mummy Artificer on Sept 1, 2018.
             Was an Initiate of Gozag.
             Mangled by a redback (8 damage)
             ... on level 1 of the Spider Nest.
             The game lasted 01:14:44 (37667 turns).

Amnesiac the Fetichist (Mummy Artificer)           Turns: 37667, Time: 01:14:44

Health: -6/106     AC: 14    Str: 28    XL:     16   Next: 25%
Magic:  27/27      EV: 12    Int: 16    God:    Gozag
Gold:   8381       SH:  0    Dex: 12    Spells: 22/25 levels left

rFire    x x x     SeeInvis +   w - +9 heavy crossbow "Sniper" {velocity, Acc+∞ SInv}
rCold    + + +     Gourm    +   (shield currently unavailable)
rNeg     + + +     Faith    .   g - +5 leather armour "Ufujovoa" {MR- Int+5 Slay+5 SInv}
rPois    ∞         Spirit   .   j - +0 helmet
rElec    .         Reflect  .   p - +0 cloak
rCorr    .         Harm     .   q - +0 pair of gloves
MR       ++...                  O - +2 pair of boots {Stlth+}
Stlth    ++++++....             S - amulet of Exzaje {Gourm +Blink rF- rC++ MR+}
HPRegen  0.27/turn              f - ring "Hilasu" {Ice Str+6 Slay+3}
MPRegen  0.20/turn              h - +3 ring of slaying

@: gold aura
A: no food or potions, fire vulnerability, cold resistance 1, negative energy
resistance 3, torment resistance, unbreathing, in touch with death 1
a: Potion Petition, Call Merchant, Bribe Branch, Renounce Religion, Evoke Blink


You were on level 1 of the Spider Nest.
You worshipped Gozag.
Gozag was greatly pleased with you.
You were not hungry.

You visited 5 branches of the dungeon, and saw 25 of its levels.
You visited the Abyss 1 time.
You also visited: Ice Cave.

You collected 10127 gold pieces.
You spent 1459 gold pieces at shops.
You paid 287 gold pieces to Gozag.

Inventory:

Hand Weapons
 a - a +4 dagger of electrocution
 b - a +0 fustibalus
 w - the +9 heavy crossbow "Sniper" (weapon) {velocity, Acc+∞ SInv}
   (You found it in an ice cave)

   Any bolt fired from it inflicts extra damage.
   It lets you see invisible.
Missiles
 l - 619 stones
 n - 111 poisoned needles
 s - 114 sling bullets
 z - a throwing net
 Q - 147 bolts (quivered)
Armour
 e - the +0 large shield of Enliulid {Slay+4}
   (You bought it in a shop on level 1 of the Orcish Mines)

   It affects your accuracy and damage with ranged weapons and melee attacks
   (+4).
 g - the +5 leather armour "Ufujovoa" (worn) {MR- Int+5 Slay+5 SInv}
   (You found it on level 4 of the Dungeon)

   It affects your intelligence (+5).
   It affects your accuracy and damage with ranged weapons and melee attacks
   (+5).
   It affects your resistance to hostile enchantments.
   It lets you see invisible.
 j - a +0 helmet (worn)
 p - a +0 cloak (worn)
 q - a +0 pair of gloves (worn)
 O - a +2 pair of boots of stealth (worn)
Jewellery
 f - the ring "Hilasu" (left hand) {Ice Str+6 Slay+3}
   (You bought it in a shop on level 9 of the Dungeon)

   [ring of ice]

   It enhances your ice magic.
   It affects your strength (+6).
   It affects your accuracy and damage with ranged weapons and melee attacks
   (+3).
   It makes you vulnerable to fire.
   It protects you from cold.
 h - a +3 ring of slaying (right hand)
 v - a +4 ring of protection
 y - an uncursed amulet of the acrobat
 D - the ring of Haopuc {rF+ MP+9 SInv Stlth+}
   (You found it on level 2 of the Lair of Beasts)

   [ring of protection from fire]

   It protects you from fire.
   It affects your magic capacity (+9).
   It lets you see invisible.
   It makes you more stealthy.
 M - an uncursed ring of resist corrosion
 S - the amulet of Exzaje (around neck) {Gourm +Blink rF- rC++ MR+}
   (You found it in an ice cave)

   [amulet of the gourmand]

   It allows you to eat raw meat even when not hungry.
   It makes you vulnerable to fire.
   It greatly protects you from cold.
   It affects your resistance to hostile enchantments.
   It lets you blink.
 T - an uncursed ring of see invisible
Wands
 d - a wand of enslavement (5)
 i - a wand of polymorph (19)
 u - a wand of paralysis (17)
 G - a wand of digging (15)
 H - a wand of acid (4)
 J - a wand of clouds (3)
 N - a wand of flame (26)
 P - a wand of random effects (86)
Scrolls
 c - 9 scrolls of remove curse {!r}
 k - 9 scrolls of identify {!r}
 m - 6 scrolls of amnesia {!r}
 o - 2 scrolls of silence {!r}
 r - 5 scrolls of teleportation {!r}
 t - 3 scrolls of magic mapping {!r}
 A - 3 scrolls of fog {!r}
 B - 2 scrolls of blinking {!r}
 E - 6 scrolls of enchant armour {!r}
 I - a scroll of torment {!r}
 K - a scroll of noise {!r}
 L - a scroll of vulnerability {!r}
 R - a scroll of brand weapon {!r, unknown}
Miscellaneous
 x - a lightning rod (4/4)
 C - a phial of floods
 F - a crystal ball of energy


   Skills:
 - Level 4.0 Fighting
 - Level 10.0 Short Blades
 - Level 4.1 Slings
 * Level 8.9 Crossbows
 - Level 1.5 Dodging
 - Level 13.0 Stealth
 - Level 10.4 Shields
 - Level 5.0 Spellcasting
 - Level 15.0 Evocations


You had 22 spell levels left.
You knew the following spells:

 Your Spells              Type           Power        Failure   Level  Hunger
a - Apportation           Tloc           #.....       17%         1    N/A
b - Summon Small Mammal   Summ           #...         17%         1    N/A
z - Confusing Touch       Hex            #.....       17%         1    N/A

Your spell library contained the following spells:

 Spells                   Type           Power        Failure   Level  Hunger
 Animate Skeleton         Necr           N/A          17%         1    N/A
 Flame Tongue             Conj/Fire      #....        17%         1    N/A
 Pain                     Necr           #...         17%         1    N/A
 Blink                    Tloc           N/A          26%         2    N/A
 Passwall                 Tmut/Erth      #.......     26%         2    N/A
 Shroud of Golubria       Chrm/Tloc      #.........   26%         2    N/A
 Swiftness                Chrm/Air       #.......     26%         2    N/A
 Gell's Gravitas          Tloc           #.........   45%         3    N/A
 Ignite Poison            Fire/Tmut/Pois #.......     45%         3    N/A
 Lesser Beckoning         Tloc           #.........   45%         3    N/A
 Teleport Other           Tloc           #.......     45%         3    N/A
 Vampiric Draining        Necr           #.........   45%         3    N/A
 Animate Dead             Necr           N/A          86%         4    N/A
 Cause Fear               Hex            #.........   86%         4    N/A
 Leda's Liquefaction      Hex/Erth       #.........   86%         4    N/A
 Passage of Golubria      Tloc           N/A          86%         4    N/A
 Bolt of Magma            Conj/Fire/Erth #.........   99%         5    N/A
 Fireball                 Conj/Fire      #.........   99%         5    N/A
 Lee's Rapid Deconstruct  Erth           #.........   99%         5    N/A
 Bolt of Fire             Conj/Fire      #.........   100%        6    N/A
 Darkness                 Hex            #.........   100%        6    N/A
 Invisibility             Hex            #.......     100%        6    N/A
 Iron Shot                Conj/Erth      #.........   100%        6    N/A
 Ring of Flames           Chrm/Fire      #.........   100%        7    N/A
 Ignition                 Fire           #.........   100%        8    N/A
 Dragon's Call            Summ           #.........   100%        9    N/A
 Shatter                  Erth           #.........   100%        9    N/A
 Regeneration             Chrm/Necr      Unusable     N/A         3    N/A
 Statue Form              Tmut/Erth      Unusable     N/A         6    N/A
 Dragon Form              Tmut           Unusable     N/A         7    N/A

Dungeon Overview and Level Annotations

Branches:
Dungeon (15/15)            Temple (1/1) D:6            Lair (6/6) D:9
 Shoals (0/4) Lair:3       Spider (1/4) Lair:3        Slime (0/5) Lair:5
    Orc (2/2) D:10            Elf (0/3) Orc:2        Vaults (0/5) D:14
 Depths (0/5) D:15

Altars:
Ashenzari
Cheibriados
Dithmenos
Elyvilon
Fedhas
Gozag
Hepliaklqana
Kikubaaqudgha
Makhleb
Nemelex Xobeh
Okawaru
Qazlal
Ru
Sif Muna
Trog
Uskayaw
Vehumet
Wu Jian
Xom
Yredelemnul
Zin
The Shining One

Shops:
D:5 %   D:8 :   D:9 =   D:15 *   Orc:1 [   Orc:2 %[%(


Innate Abilities, Weirdness & Mutations

You do not eat or drink.
Your flesh is vulnerable to fire.
You are immune to poison.
Your flesh is cold resistant. (rC+)
You are immune to negative energy. (rN+++)
You are immune to unholy pain and torment.
You can survive without breathing.
You are in touch with the powers of death.


Message History

The demonic crawler hits you but does no damage.
The demonic crawler closely misses you. The demonic crawler barely misses you.
Firing (i - inventory. (/) - cycle)
Q - 152 bolts (quivered)
Press: ? - help, Shift-Dir - straight line, f/p - demonic crawler
Aim: a demonic crawler (moderately wounded, clinging)
You shoot a bolt. The bolt hits the demonic crawler!!
The demonic crawler is severely wounded.
The redback bites you!
The demonic crawler hits you but does no damage.
The demonic crawler hits you. The demonic crawler hits you!
The redback bites you!
The demonic crawler hits you but does no damage.
The demonic crawler hits you. x2
The redback bites you but does no damage.
The demonic crawler barely misses you.
The demonic crawler hits you but does no damage.
The demonic crawler hits you.
The redback bites you but does no damage.
The demonic crawler misses you. The demonic crawler barely misses you.
The demonic crawler hits you. The redback bites you!
* * * LOW HITPOINT WARNING * * *
Firing (i - inventory. (/) - cycle)
Q - 151 bolts (quivered)
Press: ? - help, Shift-Dir - straight line, f - redback
Aim: a redback (clinging)
You shoot a bolt. The bolt hits the redback!!
You kill the redback!
The demonic crawler hits you but does no damage.
The demonic crawler completely misses you.
The demonic crawler closely misses you. The demonic crawler misses you.
The demonic crawler completely misses you.
The demonic crawler hits you but does no damage.
Unknown command.
Firing (i - inventory. (/) - cycle)
Q - 150 bolts (quivered)
Press: ? - help, Shift-Dir - straight line, f - demonic crawler
Aim: a demonic crawler (severely wounded, clinging)
You shoot a bolt. The bolt hits the demonic crawler!!
You kill the demonic crawler!
A redback comes into view.
The orb spider begins to weave its threads into a brightly glowing ball.
Unknown command.
Firing (i - inventory. (/) - cycle)
Q - 149 bolts (quivered)
Press: ? - help, Shift-Dir - straight line, f - orb spider
Aim: an orb spider (fully charged)
You shoot a bolt. The bolt hits the orb spider!!
The orb spider is almost dead.
The orb spider weaves a glowing orb of energy.
The redback bites you but does no damage.
An orb of destruction comes into view.
Unknown command.
The redback is distracted by the nearby gold.
Firing (i - inventory. (/) - cycle)
Q - 148 bolts (quivered)
Press: ? - help, Shift-Dir - straight line, f - redback
Aim: a redback (hasn't noticed you)
You shoot a bolt. The bolt hits the redback!!
The redback is no longer distracted by gold.
The redback is severely wounded.
The orb of destruction hits you!
* * * LOW HITPOINT WARNING * * *
The redback barely misses you. The redback bites you.
* * * LOW HITPOINT WARNING * * *
The redback bites you!
You die...
Your body crumbles into a pile of gold.

##............#..........
#.........>...#..........
#......s.....##..........
#...#.......###^........
#..s.#.###.# ##..<.....
###...######.# ##......#
#.#...###....#####.######
##....##........#### #.
##.s###@s........######.
#....#§................
#..s*§..........#.###..
##.(............#.# ###
#..##......^..#### #
#..#..........# ##
#..^....>....########.
.............#..#.##..
...#####..##.####......


You could see a redback.

Vanquished Creatures
  Rupert (Orc:1)
  A frost giant (IceCv)
  The ghost of Nirios the Warrior, a journeyman MiFi of Makhleb (Lair:5)
  The ghost of Xoff the Blocker, a journeyman MiFi of Okawaru (Lair:4)
  Nessos (Orc:2)
  A dire elephant (Lair:6)
  Erolcha (Orc:1)
  12 hydras
  A merfolk avatar (Lair:6)
  6 centaur warriors
  5 two-headed ogres
  An orc high priest (Orc:2)
  6 death yaks
  A large abomination (Abyss:2)
  6 unseen horrors
  2 sea snakes (Lair:6)
  A fire crab (Lair:4)
  A shadow wraith (D:9)
  Pikel (D:6)
  A wizard (D:14)
  2 necromancers
  6 wolf spiders (Spider:1)
  An orb spider (Spider:1)
  A wolf spider zombie (D:13)
  A harpy (Lair:6)
  4 orc knights (Orc:2)
  An oklob plant (Lair:2)
  3 deep elf magi
  A faun (Lair:2)
  5 orc sorcerers
  3 cyclopes
  A manticore (Lair:6)
  20 ugly things
  7 black mambas
  2 merfolk sirens (Lair:3)
  3 elephants (Lair:6)
  An ice statue (IceCv)
  A molten gargoyle (Lair:4)
  A torpor snail (Lair:4)
  A gargoyle (D:12)
  13 spiny frogs
  3 centaur skeletons
  6 komodo dragons
  An efreet (D:13)
  4 rime drakes
  2 demonic crawlers
  A queen bee (Lair:3)
  2 trolls
  8 jumping spiders (Spider:1)
  2 merfolk (Lair:3)
  6 hornets
  21 polar bears
  Prince Ribbit (Lair:2)
  8 blink frogs
  6 slime creatures
  11 hippogriffs
  18 redbacks (Spider:1)
  3 shadows
  8 tarantellas (Spider:1)
  A ynoxinul (Abyss:2)
  5 wyverns
  A wraith (D:14)
  50 yaks
  3 fire bats (Lair:4)
  A neqoxec (Abyss:2)
  2 hungry ghosts
  A steam dragon (shapeshifter) (D:15)
  5 basilisks
  4 vampire mosquitoes (D:15)
  Menkaure (D:5)
  A warg (Orc:1)
  4 soldier ants
  13 water moccasins
  Duvessa (D:7)
  An acid dragon (D:9)
  10 porcupines
  12 orc warriors
  4 slaves (D:6)
  2 ice beasts
  A black bear (D:12)
  A necrophage (D:9)
  6 sky beasts
  3 phantoms
  10 ogres
  49 wolves
  4 boggarts (D:15)
  15 centaurs
  21 crocodiles
  Blork the orc (D:4)
  A gnoll sergeant (D:6)
  15 bullfrogs
  Dowan (D:7)
  A hornet simulacrum (D:13)
  10 scorpions
  25 killer bees (Lair:3)
  18 wights
  4 howler monkeys
  4 crimson imps
  A bullfrog zombie (D:12)
  8 jellies
  7 hounds
  A wyvern simulacrum (D:13)
  10 centaur zombies
  5 bullfrog skeletons
  16 orc priests
  Terence (D:3)
  7 iguanas
  18 orc wizards
  11 worker ants
  A hound zombie (D:11)
  4 hound skeletons
  Robin (D:4)
  A gnoll (D:1)
  14 adders
  6 shadow imps
  14 white imps (D:13)
  An ooze (Temple)
  2 adder zombies (D:7)
  2 worms
  3 dart slugs
  7 leopard geckos
  53 orcs
  6 giant cockroaches
  12 goblins
  5 hobgoblins
  11 jackals
  2 quokkas
  13 bats
  A frilled lizard (D:3)
  6 kobolds
  A leopard gecko skeleton (D:4)
  5 rats (D:1)
  2 fungi
  A plant (Lair:2)
811 creatures vanquished.

Vanquished Creatures (collateral kills)
  2 orc high priests (Orc:2)
  An orc sorcerer (Orc:2)
  2 spiny frogs (Lair:6)
  A sky beast (D:15)
  3 wolves (Lair:2)
  A bullfrog (D:15)
  An orc wizard (Orc:2)
11 creatures vanquished.

Vanquished Creatures (others)
  Psyche (D:9)
  2 wolves (Lair:2)
  An orc warrior (Orc:2)
  An ogre (Orc:2)
  An orc priest (Orc:2)
  24 fungi
  26 plants
56 creatures vanquished.

Grand Total: 878 creatures vanquished

Notes
Turn   | Place    | Note
-------+----------+-------------------------------------------
     0 | D:1      | Amnesiac the Mummy Artificer began the quest for the Orb.
     0 | D:1      | Reached XP level 1. HP: 15/15 MP: 2/2
   170 | D:1      | Reached XP level 2. HP: 17/21 MP: 4/4
   175 | D:1      | Reached skill level 3 in Evocations
   550 | D:4      | Reached XP level 3. HP: 26/26 MP: 5/5
   577 | D:4      | Reached skill level 4 in Evocations
   577 | D:4      | Reached XP level 4. HP: 10/32 MP: 5/7
   799 | D:4      | Noticed an ogre
   806 | D:4      | Killed an ogre
   806 | D:4      | Reached XP level 5. HP: 37/37 MP: 8/8
   832 | D:4      | Found a white marble altar of Elyvilon.
   849 | D:4      | Reached skill level 5 in Evocations
  1236 | D:4      | Noticed Blork the orc
  1241 | D:4      | Killed Blork the orc
  1241 | D:4      | Reached XP level 6. HP: 43/43 MP: 8/10
  1283 | D:4      | Noticed Robin
  1320 | D:4      | Killed Robin
  1711 | D:4      | Got a ruby-encrusted leather armour
  1722 | D:4      | Identified the +5 leather armour "Ufujovoa" {MR- Int+5
                  | Slay+5 SInv} (You found it on level 4 of the Dungeon)
  1987 | D:4      | Reached skill level 6 in Evocations
  2263 | D:5      | Entered Level 5 of the Dungeon
  2495 | D:5      | Noticed Menkaure
  2498 | D:5      | Killed Menkaure
  2498 | D:5      | Reached XP level 7. HP: 41/48 MP: 10/12
  2529 | D:5      | Found a radiant altar of Vehumet.
  2560 | D:5      | Found a burning altar of Makhleb.
  2693 | D:5      | Reached skill level 7 in Evocations
  2756 | D:5      | Found Ciattize's Food Boutique.
  2884 | D:5      | You fall through a shaft for 3 floors!
  3180 | D:8      | Reached skill level 8 in Evocations
  3181 | D:8      | Noticed a hornet
  3183 | D:8      | Killed a hornet
  3183 | D:8      | Reached XP level 8. HP: 6/54 MP: 12/14
  3437 | D:8      | Reached skill level 9 in Evocations
  3556 | D:7      | Noticed Dowan
  3556 | D:7      | Noticed Duvessa
  3567 | D:7      | Killed Dowan
  3586 | D:7      | Killed Duvessa
  3948 | D:7      | Reached skill level 10 in Evocations
  4644 | D:6      | Found a staircase to the Ecumenical Temple.
  4660 | Temple   | Entered the Ecumenical Temple
  4937 | D:6      | Reached XP level 9. HP: 36/59 MP: 16/16
  4998 | D:2      | Found a shattered altar of Ashenzari.
  5161 | D:2      | Found a sacrificial altar of Ru.
  5775 | D:3      | Found a faded altar of an unknown god.
  5918 | D:3      | Found a sparkling altar of Nemelex Xobeh.
  5992 | D:3      | Noticed Terence
  6003 | D:3      | Killed Terence
  6536 | D:6      | Reached skill level 1 in Shields
  6941 | D:6      | Noticed Pikel
  7003 | D:6      | Killed Pikel
  7215 | D:7      | Found a snail-covered altar of Cheibriados.
  7360 | D:7      | Reached skill level 11 in Evocations
  7840 | D:8      | Found Xigg's Book Emporium.
  8303 | D:9      | Found an iron altar of Okawaru.
  8388 | D:9      | Found Huckij's Jewellery Shoppe.
  8399 | D:9      | Noticed Psyche
  8401 | D:9      | Cast into level 2 of the Abyss (Psyche)
  8420 | Abyss:2  | Noticed a thrashing horror
  8431 | Abyss:2  | Found an iron altar of Okawaru.
  8431 | Abyss:2  | Noticed a thrashing horror
  8468 | Abyss:2  | Noticed a large abomination
  8479 | Abyss:2  | Killed a large abomination
  8479 | Abyss:2  | Reached XP level 10. HP: 40/65 MP: 18/18
  8580 | Abyss:2  | Noticed a shadow wraith
  8582 | Abyss:2  | Noticed a tentacled starspawn
  8583 | D:9      | Escaped the Abyss
  8593 | D:9      | Your ally died
  8594 | D:9      | Found a bloodstained altar of Trog.
  8906 | D:9      | Noticed a two-headed ogre
  8913 | D:9      | Killed a two-headed ogre
  8913 | D:9      | Reached skill level 12 in Evocations
  9199 | D:9      | Reached skill level 5 in Shields
  9352 | D:9      | Noticed a centaur warrior
  9372 | D:9      | Killed a centaur warrior
  9645 | D:9      | Killed a shadow wraith
  9690 | D:9      | Learned a level 1 spell: Confusing Touch
  9692 | D:9      | Learned a level 1 spell: Apportation
  9694 | D:9      | Learned a level 1 spell: Summon Small Mammal
  9970 | D:9      | Reached XP level 11. HP: 47/70 MP: 20/20
 10048 | D:9      | Found an opulent altar of Gozag.
 10133 | D:9      | Became a worshipper of Gozag Ym Sagoz the Greedy
 10905 | D:10     | Entered Level 10 of the Dungeon
 11008 | D:10     | Reached skill level 13 in Evocations
 11009 | D:10     | Found a staircase to the Orcish Mines.
 11515 | D:10     | Noticed a centaur warrior
 11529 | D:10     | Killed a centaur warrior
 12494 | Orc:1    | Entered Level 1 of the Orcish Mines
 12814 | Orc:1    | Noticed an orc sorcerer
 12819 | Orc:1    | Killed an orc sorcerer
 12992 | Orc:1    | Found a radiant altar of Vehumet.
 13293 | Orc:2    | Entered Level 2 of the Orcish Mines
 13293 | Orc:2    | Noticed Nessos
 13347 | Orc:2    | Noticed Erolcha
 13351 | Orc:2    | Noticed Rupert
 13598 | Orc:1    | Killed Erolcha
 13911 | Orc:1    | Killed Rupert
 13911 | Orc:1    | Reached skill level 14 in Evocations
 14671 | Orc:2    | Killed Nessos
 14671 | Orc:2    | Reached XP level 12. HP: 38/76 MP: 22/22
 15965 | Orc:1    | Found Puf Pax's Antique Armour Shop.
 16280 | Orc:2    | Found a staircase to the Elven Halls.
 16325 | Orc:2    | Noticed an orc high priest
 16337 | Orc:2    | Killed an orc high priest
 16341 | Orc:2    | Noticed an orc high priest
 16350 | Orc:2    | Killed an orc high priest
 16353 | Orc:2    | Noticed an orc high priest
 16585 | Orc:2    | Paralysed by an orc sorcerer for 7 turns
 16599 | Orc:2    | Paralysed by an orc sorcerer for 6 turns
 17135 | Orc:2    | Killed an orc high priest
 17135 | Orc:2    | Reached skill level 15 in Evocations
 17411 | Orc:2    | Found Soigin's Food Shop.
 17411 | Orc:2    | Found Holo's Antique Weapon Shoppe.
 17413 | Orc:2    | Found Oxyoral's Armour Shop.
 17413 | Orc:2    | Found Amuokack's Food Shoppe.
 17548 | Orc:1    | Bought a crude large shield for 304 gold pieces
 17558 | Orc:1    | Identified the cursed +0 large shield of Enliulid {Slay+4}
                  | (You bought it in a shop on level 1 of the Orcish Mines)
 17627 | D:9      | Bought the ring "Hilasu" {Ice Str+6 Slay+3} for 915 gold
                  | pieces
 17756 | D:11     | Noticed a four-headed hydra
 17764 | D:10     | Killed a four-headed hydra
 17764 | D:10     | Reached skill level 1 in Short Blades
 18747 | D:11     | Noticed a centaur warrior
 18757 | D:11     | Killed a centaur warrior
 18757 | D:11     | Gained mutation: You are in touch with the powers of death.
                  | [Mummy growth]
 18757 | D:11     | Reached XP level 13. HP: 46/81 MP: 24/24
 19022 | D:11     | Reached skill level 5 in Short Blades
 19686 | D:9      | Found a staircase to the Lair.
 19881 | Lair:1   | Entered Level 1 of the Lair of Beasts
 20371 | Lair:1   | Got a shimmering war axe
 20640 | Lair:1   | Identified the +7 war axe of Wupsima {chop, Int+3} (You
                  | found it on level 1 of the Lair of Beasts)
 21274 | Lair:2   | Noticed Prince Ribbit
 21305 | Lair:2   | Killed Prince Ribbit
 21334 | Lair:2   | Reached skill level 10 in Shields
 22133 | Lair:2   | Got a scintillating steel ring
 22846 | Lair:2   | Got an ancient rapier
 22902 | Lair:2   | Identified the cursed +1 rapier "Maip" {freeze, rN++ Dex+2}
                  | (You found it on level 2 of the Lair of Beasts)
 22905 | Lair:2   | Identified a scroll of acquirement {!r}
 22907 | Lair:2   | Identified the ring of Haopuc {rF+ MP+9 SInv Stlth+} (You
                  | found it on level 2 of the Lair of Beasts)
 23118 | Lair:3   | Found a hole to the Spider Nest.
 23331 | Lair:3   | Found a staircase to the Shoals.
 23880 | Lair:4   | Identified a paperback manual
 24086 | Lair:4   | Found a runed door.
 24212 | Lair:4   | Found a transporter.
 24222 | Lair:4   | Noticed Xoff's ghost (journeyman MiFi)
 24300 | Lair:4   | Found a transporter.
 24666 | Lair:4   | Reached XP level 14. HP: 62/88 MP: 25/25
 24799 | Lair:4   | Killed Xoff's ghost
 25381 | Lair:5   | Reached skill level 10 in Short Blades
 25699 | Lair:5   | Found a staircase to the Slime Pits.
 26138 | Lair:5   | Reached skill level 5 in Stealth
 26920 | Lair:5   | Found a runed door.
 26923 | Lair:5   | Noticed Nirios's ghost (journeyman MiFi)
 26991 | Lair:5   | Killed Nirios's ghost
 27032 | Lair:6   | Entered Level 6 of the Lair of Beasts
 27210 | Lair:6   | Reached skill level 10 in Stealth
 28277 | Lair:6   | Got a pitted hand axe
 28280 | Lair:6   | Got a translucent silver ring
 28298 | Lair:6   | Identified the ring "Quniryfo" {rPois rC+ Dex+2 Slay-5
                  | SInv} (You found it on level 6 of the Lair of Beasts)
 28600 | Lair:6   | Got a crystal war axe
 28963 | Lair:6   | Identified the cursed +0 war axe of Armageddon {pain, rElec
                  | rC+} (You found it on level 6 of the Lair of Beasts)
 28965 | Lair:6   | Identified the +3 hand axe of Gehenna {elec, rN+ Int+4
                  | Dex+2} (You found it on level 6 of the Lair of Beasts)
 29206 | D:12     | Found a blossoming altar of Fedhas.
 29735 | D:13     | Reached XP level 15. HP: 93/93 MP: 26/26
 29786 | D:13     | Reached skill level 1 in Spellcasting
 30309 | D:13     | Found a frozen archway.
 30326 | D:13     | Reached skill level 5 in Spellcasting
 30379 | IceCv    | Entered an ice cave
 30447 | IceCv    | Reached skill level 1 in Slings
 31447 | IceCv    | Noticed a frost giant
 31448 | IceCv    | Found the +9 heavy crossbow "Sniper" {velocity, Acc+∞ SInv}
 31464 | IceCv    | Killed a frost giant
 31521 | IceCv    | Got a twitching crystal amulet
 31529 | IceCv    | Identified the amulet of Exzaje {Gourm +Blink rF- rC++ MR+}
                  | (You found it in an ice cave)
 32849 | D:14     | Reached skill level 1 in Crossbows
 33235 | D:14     | Found a gate to the Vaults.
 33722 | D:15     | Entered Level 15 of the Dungeon
 33938 | D:15     | Reached skill level 5 in Crossbows
 35493 | D:15     | Reached XP level 16. HP: 84/106 MP: 27/27
 35497 | D:15     | Got a faintly humming chain mail
 35513 | D:14     | Identified the +1 chain mail of Discretion {Str+6} (You
                  | found it on level 15 of the Dungeon)
 35829 | D:15     | Found a staircase to the Depths.
 35868 | D:15     | Found Gezump's General Store.
 35876 | D:15     | Bought a wand of paralysis (13) for 240 gold pieces
 36225 | Spider:1 | Entered Level 1 of the Spider Nest
 37667 | Spider:1 | HP: 2/106 [redback (5)]
 37667 | Spider:1 | Mangled by a redback

Vault maps used:
D:1:      wheals_arrival_shading, minmay_misc_feat_x
D:2:      nicolae_ru_sacrificial_ziggurat, lemuel_doored_altar,
          minmay_misc_feat_columns
D:3:      chequers_ecumenical_altar_island, nemelex_diamond_rough_becter,
          uniq_terence
D:4:      grunt_decor_arrowhead, elyvilon_altar_5, uniq_blork_the_orc,
          uniq_robin
D:5:      overflow_temple_1_default, fiery_altar_vehumet, first_ration,
          serial_shops, shop, uniq_menkaure
D:6:      minmay_temple_entry_purple_smoke, kennysheep_generic_room_7,
          uniq_pikel
D:7:      marbit_many_paths, uniq_duvessa
D:8:      serial_shops, nicolae_shop_behind_doors, hangedman_pestilent_swarm,
          palyth_stone_intersect
D:9:      old_forge, lemuel_crystal_altar, lemuel_crystal_altar,
          nicolae_gozag_seed_capital, erik_lair_dragon, serial_shops, shop,
          uniq_psyche
D:10:     orc_0_dummy
D:12:     basic_altar
D:13:     serial_ice, serial_ice_h, serial_ice_f, serial_ice_n, serial_ice_d,
          portal_ice_cave_entry_imps
D:14:     david_vaults_1
D:15:     grunt_enter_depths_magical_seal, serial_shops, nicolae_shop_waterfront
Temple:   minmay_temple_curvy_branch
Lair:2:   grunt_forest_large_clearings, minmay_lair_oklob_chamber,
          serial_bayou_shore_b, uniq_prince_ribbit2
Lair:3:   elwin_shoals_entry_stream, dummy_spider_entry
Lair:4:   gammafunk_ghost_arena, pf_torpor_hydra, infiniplex_staircase_pool
Lair:5:   minmay_slime_entry_pillars, ebering_ghost_reflecting_pool,
          grunt_megastairs_2, lemuel_fruit_tree
Lair:6:   gammafunk_lair_ancient_temple, wad_woods_road_03
Orc:1:    basic_altar, serial_shops, shop
Orc:2:    grunt_orc_tribal_feast, uniq_erolcha, uniq_rupert, uniq_nessos
IceCv:    ice_cave_caverns_01

Skill      XL: |  1  2  3  4  5  6  7  8  9 10 11 12 13 14 15 16 |
---------------+-------------------------------------------------+-----
Evocations     | 3 4 5 6 8 10 11 12 14 15 | 15.0
Shields        | 4 5 7 9 10 | 10.4
Short Blades   | 4 9 10 | 10.0
Stealth        | 13 | 13.0
Spellcasting   | 5 |  5.0
Slings         | 4 |  4.1
Fighting       | 4 |  4.0
Crossbows      | 7 8 |  8.9
Dodging        | |  1.5

Action                   |  1- 3 |  4- 6 |  7- 9 | 10-12 | 13-15 | 16-18 || total
-------------------------+-------+-------+-------+-------+-------+-------++-------
Melee: Short sword       |    69 |    78 |       |       |       |       ||   147
       Dire flail        |       |       |     8 |       |       |       ||     8
       Dagger            |       |       |    41 |   291 |  1242 |       ||  1574
 Fire: Hunting sling     |       |    75 |   479 |   617 |       |       ||  1171
       Fustibalus        |       |       |       |       |   106 |       ||   106
       Heavy crossbow    |       |       |       |       |    53 |    85 ||   138
Throw: Stone             |       |       |       |       |    24 |       ||    24
Invok: Potion Petition   |       |       |       |     2 |       |       ||     2
Evoke: Wand              |     8 |    14 |    15 |    78 |    26 |     2 ||   143
       Phial of floods   |       |       |       |     2 |     2 |       ||     4
       Lightning rod     |       |       |       |       |     5 |       ||     5
  Use: Scroll            |       |     3 |     6 |     9 |    18 |     1 ||    37
 Stab: Sleeping          |     1 |       |       |       |    17 |       ||    18
       Distracted        |       |       |       |     1 |     7 |       ||     8
       Paralysed         |       |       |       |     4 |     8 |       ||    12
Armor: Leather armour    |    22 |    25 |   225 |   198 |   208 |    30 ||   708
       Ring mail         |     4 |    24 |       |       |       |       ||    28
Dodge: Dodged            |    50 |    72 |   184 |   225 |   227 |    32 ||   790
Block: Shield            |       |       |   185 |   338 |       |       ||   523
       Large shield      |       |       |       |    84 |   824 |       ||   908

Table legend:
 A = Non-vault XP
 B = Vault XP
 C = Vault XP percentage of total XP
 D = Non-vault monster count
 E = Vault monster count
 F = Vault count percentage of total count
                 A         B        C        D         E       F
            +---------+---------+-------+---------+---------+-------
      Total |  105280 |   63635 |  37.7 |     542 |     275 |  33.7
            +---------+---------+-------+---------+---------+-------
        D:1 |      55 |       0 |   0.0 |      22 |       0 |   0.0
        D:2 |       8 |       0 |   0.0 |       5 |       0 |   0.0
        D:3 |     150 |      38 |  20.2 |      27 |       1 |   3.6
        D:4 |     295 |     131 |  30.8 |      14 |      13 |  48.1
        D:5 |     455 |     165 |  26.6 |      10 |       1 |   9.1
        D:6 |     667 |     816 |  55.0 |      16 |       3 |  15.8
        D:7 |     813 |     220 |  21.3 |      17 |       2 |  10.5
        D:8 |     452 |     598 |  57.0 |       8 |       4 |  33.3
        D:9 |    4874 |    1337 |  21.5 |      38 |      23 |  37.7
       D:10 |    5106 |       0 |   0.0 |      35 |       0 |   0.0
       D:11 |    7664 |       0 |   0.0 |      37 |       0 |   0.0
       D:12 |    2750 |       0 |   0.0 |      18 |       0 |   0.0
       D:13 |    7183 |     484 |   6.3 |      29 |      18 |  38.3
       D:14 |   11546 |    3879 |  25.1 |      28 |       6 |  17.6
       D:15 |   13255 |    3608 |  21.4 |      39 |       7 |  15.2
     Temple |      49 |       0 |   0.0 |       2 |       0 |   0.0
     Lair:1 |    3537 |       0 |   0.0 |      15 |       0 |   0.0
     Lair:2 |    5247 |    5296 |  50.2 |      25 |      34 |  57.6
     Lair:3 |    1878 |    3459 |  64.8 |      10 |      30 |  75.0
     Lair:4 |    4712 |    5281 |  52.8 |      14 |      10 |  41.7
     Lair:5 |   10229 |    2292 |  18.3 |      21 |       7 |  25.0
     Lair:6 |    6754 |   10946 |  61.8 |      22 |      28 |  56.0
   Spider:1 |   12813 |       0 |   0.0 |      43 |       0 |   0.0
      Orc:1 |    2372 |    4127 |  63.5 |      25 |       2 |   7.4
      Orc:2 |     852 |    7788 |  90.1 |      18 |      30 |  62.5
    Abyss:2 |    1564 |       0 |   0.0 |       4 |       0 |   0.0
      IceCv |       0 |   13170 | 100.0 |       0 |      56 | 100.0
            +---------+---------+-------+---------+---------+-------
